 Dungeon Crawl Stone Soup version 0.22-a0-299-g43f9854 (webtiles) character file.

28 Sharkov the Skirmisher (level 3, 0/27 HPs)
             Began as a Demonspawn Wanderer on Mar 25, 2018.
             Succumbed to an adder's poison
             ... on level 2 of the Dungeon.
             The game lasted 00:02:27 (1225 turns).

Sharkov the Skirmisher (Demonspawn Wanderer)        Turns: 1225, Time: 00:02:27

Health: 0/27       AC:  3    Str: 12    XL:     3   Next: 0%
Magic:  0/4        EV: 12    Int: 16    God:
Gold:   11         SH:  0    Dex: 10    Spells: 3/4 levels left

rFire    . . .     SeeInvis .   c - +0 spear
rCold    . . .     Gourm    .   (no shield)
rNeg     . . .     Faith    .   d - +0 robe
rPois    .         Spirit   +   (no helmet)
rElec    .         Reflect  .   j - +0 cloak
rCorr    .         Harm     .   (no gloves)
MR       .....                  (no boots)
Stlth    +.........             (no amulet)
HPRegen  0.09/turn              (no ring)
MPRegen  0.09/turn              (no ring)

@: lethally poisoned (0 -> -5), flying
A: claws 1, magic shield
a: no special abilities


You were on level 2 of the Dungeon.
You were not hungry.

You visited 1 branch of the dungeon, and saw 2 of its levels.

You collected 11 gold pieces.

Inventory:

Hand Weapons
 c - a +0 spear (weapon)
Missiles
 b - 10 stones (quivered)
Armour
 d - a +0 robe (worn)
 j - a +0 cloak (worn)
Scrolls
 h - a scroll of identify
Comestibles
 f - 4 rations
 g - a chunk of flesh


   Skills:
 - Level 2.2 Fighting
 + Level 2.2 Polearms
 - Level 1.7 Dodging
 - Level 1.0 Stealth
   Level 1.0 Shields
 - Level 1.0 Spellcasting
   Level 1.1 Necromancy
   Level 1.0 Ice Magic
   Level 1.0 Evocations


You had 3 spell levels left.
You knew the following spells:

 Your Spells              Type           Power        Failure   Level  Hunger
a - Sandblast             Erth           #.....       22%         1    ##.....


Dungeon Overview and Level Annotations

Branches:
Dungeon (2/15)

Altars:


Innate Abilities, Weirdness & Mutations

You have sharp fingernails.
When hurt, damage is shared between your health and your magic reserves.


Message History

You feel blessed for a moment.
It was a scroll of remove curse.
The adder bites you.
* * * LOW HITPOINT WARNING * * *
As you read the scroll labeled YLOFINL CEADUCH, it crumbles to dust.
It is a scroll of identify.
You don't have any unidentified items.
The adder misses you. The adder barely misses you.
Some of the chunks of flesh in your inventory have rotted away.
You closely miss the adder.
You feel sick. The adder misses you.
You hit the adder.
The adder is moderately wounded.
The adder completely misses you.
You hit the adder.
The adder is almost dead.
The adder bites you.
* * * LOW HITPOINT WARNING * * *
You are more poisoned.
The adder poisons you! The adder bites you.
* * * LOW HITPOINT WARNING * * *
You die...

#....##...........###..####
#....##..#.................
####.##..#.#......#.##.####
#####.##..#.#.........#.#
..........#.##....#.#.#.#
#####.#...#.##....#...#.#
#(#.###.##....##..#.#
.###....##.########..#.#
#........##@# ##.#.#
#.####...##.# #.#.#
......##S# #.# ####...##S#
#.. #...##.## #.. #...##..#
#.. ....##..########.#
#######...##...##.#
#...##...##.#


You could see 2 adders.

Vanquished Creatures
  An adder (D:2)
  A dart slug (D:1)
  A leopard gecko (D:2)
  A ball python (D:1)
  4 bats
  2 goblins (D:1)
  A hobgoblin (D:2)
  A kobold (D:1)
  5 frilled lizards (D:1)
  2 rats
19 creatures vanquished.

Notes
Turn   | Place    | Note
-------+----------+-------------------------------------------
     0 | D:1      | Sharkov the Demonspawn Wanderer began the quest for the Orb.
     0 | D:1      | Sharkov set off with: a +0 spear, a +0 robe, a ration
     0 | D:1      | Reached XP level 1. HP: 16/16 MP: 2/2
     2 | D:1      | Learned a level 1 spell: Sandblast
   112 | D:1      | Reached skill level 1 in Polearms
   262 | D:1      | Gained mutation: When hurt, damage is shared between your health and your magic reserves. [demonic ancestry]
   262 | D:1      | Reached XP level 2. HP: 22/22 MP: 3/3
  1036 | D:2      | Gained mutation: You have sharp fingernails. [demonic ancestry]
  1036 | D:2      | Reached XP level 3. HP: 26/27 MP: 1/4
  1223 | D:2      | HP: 1/27 [adder (1)]
  1225 | D:2      | Succumbed to an adder's poison

Vault maps used:
D:1:      giann_wishing_wells, minmay_lizard_pond
D:2:      serial_curves, eino_curves_04, eino_curves_01

Skill      XL: |  1  2 |
---------------+-------+-----
Polearms       | 1 2 |  2.2
Fighting       | |  2.2
Dodging        | |  1.7
Stealth        | |  1.0
Shields        | |  1.0
Spellcasting   | |  1.0
Necromancy     | |  1.1
Ice Magic      | |  1.0
Evocations     | |  1.0

Action                   || total
-------------------------++-------
Melee: Spear             ||    59
Throw: Stone             ||     5
 Cast: Sandblast         ||     5
  Use: Scroll            ||     3
       Potion            ||     1
 Stab: Sleeping          ||     2
  Eat: Chunk             ||     1
Armor: Robe              ||    17
Dodge: Dodged            ||    51

Table legend:
 A = Spawn XP
 B = Non-spawn XP
 C = Spawn XP percentage of total XP
 D = Spawn monster count
 E = Non-spawn monster count
 F = Spawn count percentage of total count
 G = Total turns spent on level
                    A         B        C        D         E        F      G
               +---------+---------+-------+---------+---------+-------+---------
         Total |       0 |      41 |   0.0 |       0 |      19 |   0.0 |  1225
               +---------+---------+-------+---------+---------+-------+---------
           D:1 |       0 |      19 |   0.0 |       0 |      12 |   0.0 |   659
           D:2 |       0 |      22 |   0.0 |       0 |       7 |   0.0 |   566
               +---------+---------+-------+---------+---------+-------+---------
